 Dungeon Crawl Stone Soup version 0.30.1-4-g462c640d31 (webtiles) character file.

Game seed: 16792421123095975823

365452 wingedge the Gelid (level 20, -51/180 HPs)
             Began as a Demigod Wanderer on Aug 27, 2023.
             Annihilated by a vault warden
             ... wielding a +2 great mace of protection
              (61 damage)
             ... on level 4 of the Vaults on Aug 28, 2023.
             The game lasted 04:23:15 (56871 turns).

wingedge the Gelid (Demigod Wanderer)              Turns: 56871, Time: 04:23:16

Health: -51/180    AC: 12    Str: 16    XL:     20   Next: 69%
Magic:  23/46      EV: 15    Int: 41    God:
Gold:   1760       SH:  0    Dex: 11    Spells: 0/51 levels left

rFire   + + +        b - staff of earth "Garorghe" {Stlth+}
rCold   + . .        J - orb of Circular Logic {mayhem, *Slow +Blink rN++ Regen+}
rNeg    + + +        e - +2 robe {Will+}
rPois   +            W - -2 hat of the Alchemist {rElec rPois rF+ rC+ rN+ Will+ rMut rCorr}
rElec   +            V - +2 cloak of Ycreliy {Regen+ rCorr Str+3}
rCorr   +            E - +0 pair of gloves
SInv    +            S - +4 pair of boots "Usosyghov" {Int+3}
Will    ++++.        F - amulet "Zuum" {RegenMP rF+ Str+2}
Stlth   +++          Y - ring of wizardry
HPRegen 2.10/turn    Q - ring of the Will of the Gods {rElec rF++ rN+ Int-4 SInv}
MPRegen 0.70/turn

%: slow self (1%), mayhem, resist mutation, wizardry (x1)
@: very slightly contaminated
A: high MP 1, forlorn, divine attributes
}: 2/15 runes: serpentine, barnacled
a: Evoke Blink


You were on level 4 of the Vaults.
You visited 7 branches of the dungeon, and saw 37 of its levels.
You also visited: Gauntlet and Ice Cave.

You collected 5648 gold pieces.
You spent 3888 gold pieces at shops.

Inventory:

Hand Weapons
 a - a +3 heavy morningstar
 f - the +5 hand axe of Ovau {heavy, Fly rPois rF- Dex+3}
   (You found it on level 4 of the Shoals)

   Dex:       It affects your dexterity (+3).
   rF:        It makes you vulnerable to fire.
   rPois:     It protects you from poison.
   Fly:       It grants you flight.
 l - a +1 eveningstar of freezing
Armour
 e - a +2 robe of willpower (worn)
 w - a +2 robe of the Archmagi
 E - a +0 pair of gloves (worn)
 J - the orb of Circular Logic (worn) {mayhem, *Slow +Blink rN++ Regen+}
   (You bought it in a shop on level 2 of the Shoals)

   rN:        It greatly protects you from negative energy.
   +Blink:    It lets you blink.
   Regen:     It increases your rate of health regeneration.
   *Slow:     It may slow you when you take damage.
 S - the +4 pair of boots "Usosyghov" (worn) {Int+3}
   (You bought it in a shop on level 2 of the Shoals)

   Int:       It affects your intelligence (+3).
 V - the +2 cloak of Ycreliy (worn) {Regen+ rCorr Str+3}
   (You acquired it on level 5 of the Lair of Beasts)

   Str:       It affects your strength (+3).
   Regen:     It increases your rate of health regeneration.
   rCorr:     It protects you from acid and corrosion.
 W - the -2 hat of the Alchemist (worn) {rElec rPois rF+ rC+ rN+ Will+ rMut rCorr}
   (You bought it in a shop on level 2 of the Shoals)

   rF:        It protects you from fire.
   rC:        It protects you from cold.
   rElec:     It insulates you from electricity.
   rPois:     It protects you from poison.
   rN:        It protects you from negative energy.
   rCorr:     It protects you from acid and corrosion.
   rMut:      It protects you from mutation.
   Will:      It increases your willpower.
Magical Staves
 b - the staff of earth "Garorghe" (weapon) {Stlth+}
   (You found it on level 4 of the Shoals)

   [staff of earth]

   Base accuracy: +5 Base damage: 5 Base attack delay: 1.2 This weapon's minimum
   attack delay (0.6) is reached at skill level 12.
   Stlth:     It makes you more stealthy.
   It falls into the 'Staves' category.
   It is a one-handed weapon.
 c - a staff of air
Jewellery
 i - the ring "Doloa" {Fly rCorr Str+6}
   (You took it off a gnoll on level 12 of the Dungeon)

   [ring of strength]

   Str:       It affects your strength (+6).
   Fly:       It grants you flight.
   rCorr:     It protects you from acid and corrosion.
 s - a ring of willpower
 z - the ring of Ruriv {rC+ Int+4}
   (You took it off a deep elf annihilator on level 3 of the Elven Halls)

   [ring of protection from cold]

   Int:       It affects your intelligence (+4).
   rC:        It protects you from cold.
 D - a +6 ring of intelligence
 F - the amulet "Zuum" (around neck) {RegenMP rF+ Str+2}
   (You took it off a merfolk aquamancer on level 4 of the Shoals)

   [amulet of magic regeneration]

   It increases your rate of magic regeneration.
   Str:       It affects your strength (+2).
   rF:        It protects you from fire.
 K - the amulet of Veistis {rPois rN+ Regen+ rCorr Str-3}
   (You found it in a Gauntlet)

   [amulet of regeneration]

   Str:       It affects your strength (-3).
   rPois:     It protects you from poison.
   rN:        It protects you from negative energy.
   Regen:     It increases your rate of health regeneration.
   rCorr:     It protects you from acid and corrosion.
 M - a ring of ice
 Q - the ring of the Will of the Gods (right hand) {rElec rF++ rN+ Int-4 SInv}
   (You found it on level 3 of the Lair of Beasts)

   [ring of see invisible]

   Int:       It affects your intelligence (-4).
   rF:        It greatly protects you from fire.
   rElec:     It insulates you from electricity.
   rN:        It protects you from negative energy.
   SInv:      It lets you see invisible.
 Y - a ring of wizardry (left hand)
Wands
 q - a wand of digging (10)
Scrolls
 d - 2 scrolls of summoning
 j - 8 scrolls of immolation
 k - 13 scrolls of teleportation
 p - 11 scrolls of vulnerability
 r - 7 scrolls of enchant weapon
 y - 6 scrolls of identify
 C - a scroll of blinking
 H - a scroll of fear
 I - 5 scrolls of fog
 N - 9 scrolls of poison
 O - a scroll of silence
 U - 3 scrolls of magic mapping
 Z - 3 scrolls of enchant armour
Potions
 g - 8 potions of brilliance
 m - 12 potions of curing
 n - 7 potions of mutation
 o - 3 potions of cancellation
 t - 10 potions of haste (quivered)
 u - 2 potions of heal wounds
 v - 4 potions of berserk rage
 x - 5 potions of might
 A - 2 potions of ambrosia
 B - 7 potions of flight
 G - 2 potions of invisibility {unknown}
 P - 6 potions of lignification
 R - 2 potions of resistance
 X - 2 potions of magic
Miscellaneous
 h - a tin of tremorstones (2/2)


   Skills:
 + Level 16.0 Fighting
 - Level 7.0 Armour
 - Level 10.0 Dodging
 - Level 4.0 Stealth
 - Level 5.0 Shields
 - Level 16.0 Spellcasting
 - Level 9.0 Conjurations
 - Level 6.0 Summonings
 + Level 9.9 Necromancy
 + Level 7.7 Transmutations
 + Level 20.1 Ice Magic
 - Level 9.0 Air Magic
 + Level 4.3 Earth Magic


You couldn't memorise any spells.
You knew the following spells:

 Your Spells              Type           Power      Damage    Failure   Level
a - Sublimation of Blood  Necr           85%        N/A       0%          2
b - Airstrike             Air            41%        2d(6-22)  1%          4
c - Iron Shot             Conj/Erth      46%        9d9       3%          6
d - Polar Vortex          Ice            57%        N/A       10%         9
e - Ozocubu's Refrigerat  Ice            57%        4d20      1%          7
f - Summon Lightning Spi  Summ/Air       76%        N/A       1%          4
g - Irradiate             Conj/Tmut      39%        3d24      1%          5
h - Arcjolt               Conj/Air       41%        1d51      1%          5
i - Ozocubu's Armour      Ice            100%       N/A       0%          3
k - Simulacrum            Ice/Necr       51%        N/A       1%          6

Your spell library contained the following spells:

 Spells                   Type           Power      Damage    Failure   Level
 Freeze                   Ice            100%       1d10      0%          1
 Kiss of Death            Conj/Necr      100%       2d13      0%          1
 Magic Dart               Conj           100%       1d8       0%          1
 Shock                    Conj/Air       100%       1d9       0%          1
 Ensorcelled Hibernation  Hex/Ice        100%       N/A       0%          2
 Hailstorm                Conj/Ice       100%       3d20      0%          3
 Slow                     Hex            100%       N/A       1%          1
 Sting                    Tmut/Pois      100%       1d8       1%          1
 Summon Small Mammal      Summ           100%       N/A       1%          1
 Call Imp                 Summ           100%       N/A       1%          2
 Cigotuvi's Dreadful Rot  Necr/Pois/Air  100%       N/A       1%          2
 Passwall                 Tmut/Erth      74%        N/A       1%          2
 Poisonous Vapours        Pois/Air       100%       N/A       1%          2
 Scorch                   Fire           64%        2d7       1%          2
 Searing Ray              Conj           100%       2d8       1%          2
 Wereblood                Tmut           77%        N/A       1%          2
 Call Canine Familiar     Summ           70%        N/A       1%          3
 Confusing Touch          Hex            32%        N/A       1%          3
 Ignite Poison            Fire/Tmut/Pois 52%        N/A       1%          3
 Mephitic Cloud           Conj/Pois/Air  70%        N/A       1%          3
 Portal Projectile        Hex/Tloc       64%        N/A       1%          3
 Summon Guardian Golem    Hex/Summ       55%        N/A       1%          3
 Swiftness                Air            82%        N/A       1%          3
 Vampiric Draining        Necr           85%        2d12      1%          3
 Vhi's Electric Charge    Tloc/Air       100%       N/A       1%          3
 Volatile Blastmotes      Fire/Tloc      64%        2d15      1%          3
 Animate Armour           Summ/Erth      100%       N/A       1%          4
 Flame Wave               Conj/Fire      62%        2d14      1%          4
 Fulminant Prism          Conj/Hex       31%        3d16      1%          4
 Ice Form                 Ice/Tmut       98%        N/A       1%          4
 Iskenderun's Mystic Bla  Conj/Tloc      62%        2d13      1%          4
 Leda's Liquefaction      Hex/Erth       33%        N/A       1%          4
 Petrify                  Tmut/Erth      89%        N/A       1%          4
 Blade Hands              Tmut           38%        N/A       1%          5
 Freezing Cloud           Conj/Ice/Air   47%        6-21      1%          5
 Lee's Rapid Deconstruct  Erth           40%        3d20*     1%          5
 Metabolic Englaciation   Hex/Ice        43%        N/A       1%          5
 Olgreb's Toxic Radiance  Pois           32%        N/A       3%          4
 Summon Cactus Giant      Summ           35%        N/A       4%          6
 Orb of Destruction       Conj           41%        9d11      8%          7
 Spellforged Servitor     Conj/Summ      38%        N/A       14%         7
 Summon Hydra             Summ           35%        N/A       26%         7
 Maxwell's Capacitive Co  Air            41%        ∞         47%         8


Dungeon Overview and Level Annotations

Branches:
Dungeon (15/15)            Temple (0/1) D:7            Lair (5/5) D:9
 Shoals (4/4) Lair:2        Snake (4/4) Lair:3        Slime (0/5) Lair:5
    Orc (2/2) D:9             Elf (3/3) Orc:2        Vaults (4/5) D:13
  Crypt (0/3) Vaults:3     Depths (0/4) D:15          IceCv (visited)
Gauntlet (visited)

Shops:
D:7 :   D:8 ??:   D:11 *   Orc:2 [(*=*   Elf:2 (   Shoals:2 [[!   Shoals:3 :
Snake:1 (*[*   Snake:2 (=[!:   Vaults:1 (   Vaults:4 ?

Portals:
Abyss: D:7
Trove: D:15 (give 16 scrolls of teleportation)

Annotations:
D:4 2 transporters, ArizonaTea's ghost, amateur TrBr
D:7 2 transporters, Vahgon's ghost, novice MiBe
Snake:2 3 runed translucent doors, Katiti's ghost, adept DsGl
Elf:2 1 runed translucent door


Innate Abilities, Weirdness & Mutations

You have an increased reservoir of magic. (+10% MP)
You shall have no god before yourself.
Your divine heritage dramatically boosts your attributes as you level up.


Message History

Electricity surges outward!
The vault warden is struck by an electric surge!!!
The vault warden is heavily wounded.
The yaktaur is struck by an electric surge!!
You kill the yaktaur!
The yaktaur flies into a frenzy!
The yaktaur is struck by an electric surge!!!
You kill the yaktaur!
The vault warden flies into a frenzy!
The yaktaur is struck by an electric surge!!
The yaktaur is almost dead.
The vault warden hits you with a +2 great mace of protection!!!
The yaktaur hits the vault warden but does no damage.
Casting: Arcjolt (mildly dangerous; 1% risk of failure)
Confirm with . or Enter, or press ? or * to list all spells.
Electricity surges outward!
The vault warden is struck by an electric surge!
The vault warden is heavily wounded.
The yaktaur is struck by an electric surge!
You kill the yaktaur!
The vault warden hits you with a +2 great mace of protection!!!
The vault warden hits you with a +2 great mace of protection!
Casting: Arcjolt (mildly dangerous; 1% risk of failure)
Confirm with . or Enter, or press ? or * to list all spells.
Aiming: Iron Shot (mildly dangerous; 3% risk of failure)
Press: ? - help, Shift-Dir - straight line, f - vault warden
Aim: a vault warden, wielding a +2 great mace of protection and wearing a +0 chain mail (heavily wounded, fast, strong, frenzied and insane, 75% to hit)
You feel a surge of power!
You miscast Iron Shot.
You are very lightly contaminated with residual magic.
You are blasted with sand.
The vault warden hits you with a +2 great mace of protection!!!
* * * LOW HITPOINT WARNING * * *
Casting: Iron Shot (mildly dangerous; 3% risk of failure)
Confirm with . or Enter, or press ? or * to list all spells.
Aiming: Iron Shot (mildly dangerous; 3% risk of failure)
Press: ? - help, Shift-Dir - straight line, f/p - vault warden
Aim: a vault warden, wielding a +2 great mace of protection and wearing a +0 chain mail (heavily wounded, fast, strong, frenzied and insane, 75% to hit)
You feel a surge of power!
The iron shot misses the vault warden.
The vault warden hits you with a +2 great mace of protection!!!
You die...

........#..#..#...#
.......)+..'..#...#
##'######..#..###'#
......# ####...'..#
......# #.)'...#..#
####..# #..#...####
≈≈≈#..# ##'##.....#
≈≈≈#..# #...#'##+##
≈≈≈#..# #...#..#@)#
####..# #...#..#p)#
......# #...#..#)>#
...... ###########
######


You could see a neutral vault warden (fast, strong, insane).

Vanquished Creatures
  Sojobo (Vaults:2)
  Bai Suzhen (Vaults:2)
  Saint Roka (Snake:3)
  A bone dragon (Vaults:3)
  2 quicksilver dragons (Snake:4)
  A deep elf master archer (Elf:3)
  2 deep elf blademasters
  2 krakens
  A storm dragon (Shoals:4)
  3 tengu reavers
  4 nagarajas
  A rockslime (IceCv)
  9 vault wardens
  The ghost of growler the Cloud Mage, an adept TeAE of Hepliaklqana (Shoals:3)
  An azure jelly (Shoals:1)
  A fire giant (Vaults:2)
  4 deep elf sorcerers
  3 deep elf elementalists (Elf:3)
  An orc warlord (Orc:2)
  A very ugly thing (Vaults:4)
  A war gargoyle (D:13)
  Nessos (D:14)
  3 quicksilver oozes (IceCv)
  5 deep elf demonologists
  8 ironbound preservers
  2 ironbound thunderhulks
  A minotaur (Gauntlet)
  2 dire elephants (Vaults:3)
  7 deep elf annihilators (Elf:3)
  6 merfolk impalers
  7 deep elf death magi (Elf:3)
  2 deep elf high priests (Elf:3)
  7 merfolk javelineers
  7 great orbs of eyes
  7 yaktaur captains
  6 hydras
  10 vault guards
  2 salamander tyrants
  A peacekeeper (Vaults:3)
  A rakshasa (D:13)
  10 ironbound frosthearts
  An alligator snapping turtle (Shoals:4)
  4 boulder beetles
  3 two-headed ogres (D:11)
  11 anacondas
  2 merfolk avatars
  A catoblepas (D:9)
  4 merfolk aquamancers
  16 naga warriors
  A satyr (Shoals:3)
  A tengu warrior (D:15)
  10 centaur warriors
  2 orc high priests (Orc:2)
  24 dancing weapons
  3 death yaks
  22 deep elf knights
  7 shock serpents
  12 naga sharpshooters
  Nergalle (Lair:1)
  5 salamander mystics
  3 skysharks
  15 deep trolls
  A fire crab (shapeshifter) (D:15)
  3 glowing orange brains
  6 sea snakes
  An orange crystal statue (IceCv)
  14 ironbound convokers
  A shadow dragon zombie (Vaults:4)
  8 wizards
  9 naga ritualists
  22 deep elf archers
  A golden dragon skeleton (Vaults:4)
  14 harpies
  An orc knight (Orc:2)
  21 deep elf pyromancers
  9 mana vipers
  A lindwurm (Vaults:3)
  3 fauns
  23 deep elf zephyrmancers
  9 cyclopes
  30 ugly things
  A necromancer (D:15)
  A wolf spider (D:13)
  4 orc sorcerers
  6 manticores
  19 salamanders
  A salamander (shapeshifter) (D:9)
  A centaur zombie (D:15)
  13 vault sentinels
  2 elephants
  42 black mambas
  7 guardian serpents
  Maurice (D:11)
  3 merfolk sirens
  23 naga magi
  10 water nymphs
  4 cane toads
  An elf zombie (Vaults:4)
  A centaur skeleton (D:15)
  2 unseen horrors (D:10)
  4 freezing wraiths
  12 yaktaurs
  A kobold demonologist (D:13)
  3 rime drakes
  3 komodo dragons
  2 tengu conjurers
  4 trolls
  A guardian mummy (D:15)
  3 meliai (D:15)
  A meliai (shapeshifter) (D:13)
  11 wind drakes
  3 polar bears (Lair:5)
  6 hornets
  27 merfolk
  8 blink frogs
  8 snapping turtles
  Sigmund (D:4)
  13 dream sheep
  11 air elementals
  27 slime creatures
  A shadow (D:13)
  A spriggan (D:10)
  3 wyverns
  4 wraiths
  14 water elementals
  11 yaks
  A vampire (D:13)
  2 humans (D:9)
  2 basilisks
  5 redbacks (Elf:3)
  5 fire elementals
  2 swamp worms (Gauntlet)
  A swamp worm (shapeshifter) (Vaults:2)
  6 vampire mosquitoes
  2 acid dragons
  26 nagas
  10 water moccasins
  Duvessa (D:6)
  A meliai simulacrum (D:15)
  15 orc warriors
  A sky beast (D:6)
  4 ice beasts
  4 black bears
  2 great orb of eyes simulacra (IceCv)
  3 ogres
  5 wolves
  10 centaurs
  2 kobold brigands
  2 slime creature simulacra (IceCv)
  5 bullfrogs
  3 gnoll sergeants
  4 earth elementals
  3 scorpions
  4 glowing shapeshifter simulacra (IceCv)
  Dowan (D:6)
  4 killer bees
  2 howler monkeys
  2 electric eels (D:12)
  2 hounds
  5 orc priests
  6 jellies
  A sleepcap (D:6)
  Terence (D:3)
  2 iguanas
  10 orc wizards
  3 adders
  11 gnolls
  A shadow imp (D:5)
  3 white imps
  A worm (D:2)
  2 dart slugs (D:2)
  36 orcs
  7 ball pythons
  3 bats
  23 endoplasms
  7 giant cockroaches
  8 goblins
  6 hobgoblins
  18 jackals
  13 kobolds
  5 quokkas
  2 frilled lizards
  7 rats
  5 tentacles
1115 creatures vanquished.

Vanquished Creatures (collateral kills)
  A deep elf blademaster (Elf:3)
  A kraken (Shoals:2)
  Polyphemus (Shoals:2)
  3 azure jellies (IceCv)
  2 deep elf sorcerers
  A vault warden (Vaults:4)
  2 ironbound preservers (Vaults:4)
  An ironbound thunderhulk (Vaults:4)
  3 quicksilver oozes (IceCv)
  A deep elf demonologist (Elf:3)
  A deep elf death mage (Elf:3)
  5 merfolk impalers
  A deep elf high priest (Elf:1)
  2 vault guards
  A great orb of eyes (Vaults:3)
  A catoblepas (Shoals:2)
  An ironbound frostheart (Vaults:1)
  2 hydras
  A two-headed ogre (D:8)
  2 dancing weapons (Elf:3)
  6 death yaks
  A merfolk aquamancer (Shoals:4)
  2 merfolk avatars
  2 centaur warriors
  2 deep troll earth magi (Elf:1)
  Urug (D:11)
  2 deep elf knights
  2 skysharks
  A skeletal warrior (D:13)
  12 sea snakes
  A naga ritualist (Snake:1)
  5 deep elf archers
  2 ironbound convokers
  7 deep trolls
  A mana viper (Snake:1)
  11 deep elf pyromancers
  7 deep elf zephyrmancers
  A wolf spider (D:13)
  2 harpies (Shoals:1)
  3 orc knights
  An oklob plant (Lair:1)
  3 cyclopes
  4 ugly things
  2 orc sorcerers (Orc:2)
  9 fauns
  4 manticores
  2 merfolk sirens (Shoals:4)
  3 elephants (Lair:5)
  2 vault sentinels
  2 water nymphs
  Maggie (D:7)
  6 cane toads
  3 rime drakes
  10 komodo dragons
  2 freezing wraiths
  7 merfolk
  A polar bear (Lair:5)
  2 wind drakes
  2 trolls (Orc:2)
  2 hornets
  4 snapping turtles
  6 dream sheep
  9 blink frogs
  An air elemental (Shoals:4)
  8 slime creatures
  A vampire (D:7)
  A wraith (D:9)
  A shadow (D:9)
  8 yaks
  2 humans (D:9)
  6 water elementals
  5 wyverns
  A basilisk (shapeshifter) (D:13)
  2 redbacks (Elf:3)
  A steam dragon (Lair:5)
  3 wargs (Orc:2)
  7 water moccasins
  8 orc warriors
  A human zombie (Vaults:4)
  2 black bears
  An ice beast (D:7)
  4 great orb of eyes simulacra (IceCv)
  2 ogres
  7 wolves
  A slime creature simulacrum (IceCv)
  A kobold brigand (D:9)
  An elf simulacrum (Vaults:4)
  A phantom (D:5)
  14 bullfrogs
  3 glowing shapeshifter simulacra (IceCv)
  A scorpion (D:6)
  A jelly (D:7)
  A sleepcap (D:6)
  3 orc priests
  A gnoll bouda (D:7)
  3 orc wizards
  6 gnolls
  9 orcs
  An endoplasm (Lair:1)
  5 kobolds (D:7)
315 creatures vanquished.

Vanquished Creatures (others)
  A deep elf master archer (Elf:3)
  A deep elf annihilator (Elf:3)
  A dire elephant (Vaults:3)
  A centaur warrior (Vaults:3)
  3 deep elf knights
  A sea snake (Shoals:3)
  A deep troll (Vaults:3)
  2 deep elf archers
  2 deep elf pyromancers
  An ironbound convoker (Vaults:2)
  A harpy (Shoals:4)
  A necromancer (Vaults:4)
  2 ugly things (Vaults:1)
  A water nymph (Shoals:4)
  A water elemental (Shoals:2)
  17 tentacles
37 creatures vanquished.

Grand Total: 1467 creatures vanquished

Notes
Turn   | Place    | Note
-------+----------+-------------------------------------------
     0 | D:1      | wingedge the Demigod Wanderer began the quest for the Orb.
     0 | D:1      | wingedge set off with the following items: a +0 club, a
                  | scroll of vulnerability, a +0 robe, a +0 buckler; and the
                  | following spells available to memorise: Freeze, Shock,
                  | Swiftness, Hailstorm, Summon Lightning Spire.
     0 | D:1      | Reached XP level 1. HP: 16/16 MP: 5/5
     2 | D:1      | Learned a level 1 spell: Shock
     4 | D:1      | Learned a level 1 spell: Freeze
   340 | D:1      | Reached XP level 2. HP: 23/23 MP: 5/7
   809 | D:1      | Reached skill level 1 in Conjurations
   809 | D:1      | Reached skill level 3 in Ice Magic
   809 | D:1      | Reached XP level 3. HP: 15/28 MP: 1/8
  2733 | D:3      | Noticed Terence
  2744 | D:3      | Killed Terence
  2745 | D:3      | Reached XP level 4. HP: 8/36 MP: 1/10
  2870 | D:3      | Reached skill level 1 in Summonings
  3435 | D:3      | Reached skill level 1 in Stealth
  3725 | D:3      | Reached XP level 5. HP: 41/41 MP: 7/11
  4307 | D:4      | Reached skill level 1 in Armour
  4570 | D:4      | Noticed Sigmund
  4581 | D:4      | Killed Sigmund
  4582 | D:4      | Reached XP level 6. HP: 44/50 MP: 3/13
  4880 | D:4      | Found a transporter.
  4882 | D:4      | Noticed ArizonaTea's ghost (amateur TrBr)
  4883 | D:4      | Noticed an acid dragon
  4889 | D:4      | Found a transporter.
  4946 | D:4      | Learned a level 3 spell: Call Canine Familiar
  4950 | D:4      | Learned a level 3 spell: Hailstorm
  5366 | D:4      | Learned a level 2 spell: Searing Ray
  5375 | D:5      | Entered Level 5 of the Dungeon
  6006 | D:5      | Reached XP level 7. HP: 56/56 MP: 6/15
  6093 | D:5      | Reached skill level 1 in Dodging
  6424 | D:6      | Noticed Duvessa
  6426 | D:6      | Noticed Dowan
  6435 | D:6      | Killed Duvessa
  6448 | D:6      | Killed Dowan
  7088 | D:6      | You fall into a shaft and drop 3 floors!
  7110 | D:9      | Found a staircase to the Lair.
  7110 | D:9      | Noticed a wyvern
  7110 | D:9      | Noticed a basilisk
  7127 | D:9      | Killed a basilisk
  7128 | D:9      | Reached XP level 8. HP: 63/63 MP: 17/17
  7147 | D:9      | Noticed a raiju
  7311 | D:9      | Reached skill level 5 in Spellcasting
  7429 | D:9      | Learned a level 4 spell: Summon Lightning Spire
  8163 | D:8      | Found Arashroma's Magic Scroll Shoppe.
  8166 | D:8      | Bought a scroll of amnesia for 44 gold pieces
  8166 | D:8      | Bought a scroll of noise for 11 gold pieces
  8316 | D:8      | Reached XP level 9. HP: 35/71 MP: 11/21
  8447 | D:8      | Learned a level 5 spell: Freezing Cloud
  8497 | D:8      | Noticed a two-headed ogre
  8501 | D:8      | Killed a two-headed ogre
  8502 | D:8      | Reached skill level 5 in Fighting
  8502 | D:8      | Reached skill level 5 in Summonings
  8502 | D:8      | Reached skill level 4 in Ice Magic
  8502 | D:8      | Reached skill level 5 in Air Magic
  9364 | D:7      | Found a transporter.
  9481 | D:7      | Noticed Vahgon's ghost (novice MiBe)
  9649 | D:7      | Found a transporter.
  9873 | D:6      | Reached XP level 10. HP: 42/81 MP: 15/23
 10739 | D:7      | Found Uptioc's Book Emporium.
 11031 | D:7      | Found a one-way gate to the infinite horrors of the Abyss.
 11056 | D:7      | Found a staircase to the Ecumenical Temple.
 11257 | D:7      | Noticed Maggie
 11277 | D:7      | Killed Maggie
 11418 | D:7      | Bought Maxwell's Memoranda for 532 gold pieces
 11763 | D:8      | Found Tiegum's Book Emporium.
 11925 | D:8      | Found Yghaojea's Magic Scroll Boutique.
 11949 | D:8      | Reached skill level 5 in Ice Magic
 12180 | D:9      | Reached skill level 5 in Conjurations
 12195 | D:9      | Noticed a catoblepas
 12494 | D:9      | Killed a catoblepas
 12685 | D:9      | Noticed a salamander
 12689 | D:9      | Killed a salamander
 13458 | D:9      | Noticed an elephant
 13463 | D:9      | Reached XP level 11. HP: 90/90 MP: 14/26
 13610 | D:9      | Found a staircase to the Orcish Mines.
 13913 | D:9      | Learned a level 5 spell: Arcjolt
 13915 | Lair:1   | Entered Level 1 of the Lair of Beasts
 14045 | Lair:1   | Noticed Nergalle
 14065 | Lair:1   | Killed Nergalle
 14128 | Lair:1   | Reached skill level 6 in Ice Magic
 14258 | Lair:1   | You fall into a shaft and drop 1 floor!
 14264 | Lair:2   | Noticed a death yak
 14753 | Lair:1   | Reached skill level 5 in Shields
 15226 | Lair:2   | Noticed a four-headed hydra
 15234 | Lair:2   | Killed a four-headed hydra
 16024 | Lair:2   | Noticed a death yak
 16028 | Lair:2   | Noticed a death yak
 16029 | Lair:2   | Killed a death yak
 16030 | Lair:2   | Reached skill level 7 in Ice Magic
 16030 | Lair:2   | Reached XP level 12. HP: 67/100 MP: 14/28
 16204 | Lair:2   | Found a staircase to the Shoals.
 17012 | Lair:3   | Identified the ring of the Will of the Gods {rElec rF++ rN+
                  | Int-4 SInv}
 17124 | Lair:3   | Found a staircase to the Snake Pit.
 18272 | Lair:4   | Noticed a four-headed hydra
 18281 | Lair:4   | Killed a four-headed hydra
 19043 | Lair:5   | Entered Level 5 of the Lair of Beasts
 19053 | Lair:5   | Noticed a six-headed hydra
 19064 | Lair:5   | Killed a six-headed hydra
 19194 | Lair:5   | Reached XP level 13. HP: 110/110 MP: 24/30
 19199 | Lair:5   | Reached skill level 1 in Necromancy
 19800 | Lair:5   | Found a staircase to the Slime Pits.
 20077 | Lair:5   | Reached skill level 8 in Ice Magic
 20296 | Lair:5   | Reached skill level 5 in Armour
 20840 | Lair:5   | Identified a scroll of acquirement
 20951 | Lair:5   | Acquired the +2 cloak of Ycreliy {Regen+ rCorr Str+3}
 21107 | D:9      | Learned a level 2 spell: Sublimation of Blood
 21112 | D:9      | Learned a level 4 spell: Airstrike
 21116 | Orc:1    | Entered Level 1 of the Orcish Mines
 21186 | Orc:2    | Entered Level 2 of the Orcish Mines
 21186 | Orc:2    | Noticed an orc warlord
 21199 | Orc:2    | Found Cugifiaf's Antique Weapon Boutique.
 21367 | Orc:2    | Killed an orc warlord
 21435 | Orc:2    | Found Luala's Assorted Antiques.
 21579 | Orc:2    | Found Eqanyapt's Antique Armour Shop.
 22010 | Orc:2    | Found a staircase to the Elven Halls.
 22010 | Orc:2    | Found Secloass's Jewellery Emporium.
 22119 | Orc:2    | Found Reicie's General Store.
 22527 | D:10     | Entered Level 10 of the Dungeon
 22900 | D:10     | Learned a level 3 spell: Ozocubu's Armour
 22984 | Orc:2    | Bought a pair of runed boots for 195 gold pieces
 22984 | Orc:2    | Bought a shimmering ring mail for 234 gold pieces
 22984 | Orc:2    | Identified the +0 ring mail of Fallacy {Will+} (You bought
                  | it in a shop on level 2 of the Orcish Mines)
 23653 | D:11     | Found Dorroq's Demolitions Depot.
 23903 | D:11     | Noticed Urug
 23912 | D:11     | Killed Urug
 24304 | D:11     | Reached XP level 14. HP: 119/119 MP: 16/32
 24403 | D:11     | Noticed Maurice
 24412 | D:11     | Killed Maurice
 24968 | D:12     | Identified the ring "Doloa" {Fly rCorr Str+6}
 24977 | D:12     | Reached skill level 9 in Ice Magic
 26129 | D:13     | Reached skill level 10 in Fighting
 26607 | D:13     | Found a gate to the Vaults.
 27267 | D:13     | Reached skill level 5 in Necromancy
 27424 | D:13     | Identified the +0 scale mail of Temperance {rN+}
 28316 | D:14     | Identified the +2 pair of boots "Rouwn" {Slay+3}
 28361 | D:14     | Reached skill level 10 in Spellcasting
 28362 | D:14     | Reached skill level 5 in Dodging
 28771 | D:14     | Noticed Nessos
 29103 | D:14     | Identified the ring of Zuorash {rF+ EV+5}
 29109 | D:14     | Killed Nessos
 29591 | D:15     | Entered Level 15 of the Dungeon
 29603 | D:15     | Found a gate leading to a gauntlet.
 29647 | Gauntlet | Entered a Gauntlet
 29647 | Gauntlet | Found a transporter.
 29647 | Gauntlet | Found a transporter.
 29652 | Gauntlet | Found a transporter.
 29659 | Gauntlet | Found a transporter.
 29679 | Gauntlet | Found a transporter.
 29692 | Gauntlet | Found a transporter.
 29695 | Gauntlet | Found a transporter.
 29705 | Gauntlet | Found a transporter.
 29738 | Gauntlet | Found a transporter.
 29745 | Gauntlet | Found a transporter.
 29765 | Gauntlet | Found a transporter.
 29776 | Gauntlet | Found a transporter.
 29821 | Gauntlet | Found a transporter.
 29838 | Gauntlet | Found a transporter.
 29951 | Gauntlet | Found a transporter.
 29969 | Gauntlet | Found a transporter.
 30171 | Gauntlet | Paralysed by a hornet for 3 turns
 30178 | Gauntlet | Reached skill level 10 in Ice Magic
 30286 | Gauntlet | Identified the amulet of Veistis {rPois rN+ Regen+ rCorr
                  | Str-3}
 30416 | Gauntlet | Identified the +0 pair of gloves of Fun {+Inv rElec rC-
                  | Dex+6}
 30531 | Gauntlet | Identified the staff of conjuration "Jugyutz" {*Corrode
                  | rElec rN+++ Dex-2}
 30531 | Gauntlet | Identified the staff of earth "Feodgh" {rN+ Will- Dex+3}
 31226 | D:15     | Found a portal to a secret trove of treasure.
 31644 | D:15     | Found a staircase to the Depths.
 31650 | D:15     | Reached XP level 15. HP: 129/129 MP: 16/34
 32251 | Snake:1  | Entered Level 1 of the Snake Pit
 32468 | Snake:1  | Found Akialur's General Store.
 32470 | Snake:1  | Found Jenuyfuc's Armour Shoppe.
 32472 | Snake:1  | Found Qopiepit's Assorted Antiques.
 32633 | Snake:1  | Found Dodgheuw's Weapon Shoppe.
 33146 | Snake:1  | Learned a level 7 spell: Ozocubu's Refrigeration
 33764 | Snake:2  | Found Doiphourph's Jewellery Shop.
 34050 | Snake:2  | Reached skill level 11 in Ice Magic
 34189 | Snake:2  | Reached skill level 12 in Ice Magic
 34367 | Snake:2  | Found Neram's Book Boutique.
 34367 | Snake:2  | Found Goraczek's Distillery.
 34478 | Snake:2  | Found Miawuiniru's Antique Armour Shoppe.
 34486 | Snake:2  | Bought a translucent leather armour for 217 gold pieces
 34486 | Snake:2  | Identified the +3 leather armour of Death's Door {-Cast
                  | rPois Regen+ Slay+2} (You bought it in a shop on level 2 of
                  | the Snake Pit)
 34601 | Snake:2  | Found Byqugas's Antique Weapon Shop.
 34675 | Snake:2  | Found a runed translucent gate.
 34827 | Snake:2  | Found a runed translucent gate.
 34829 | Snake:2  | Found a runed translucent gate.
 34831 | Snake:2  | Noticed Katiti's ghost (adept DsGl)
 35314 | Snake:3  | Noticed a nagaraja
 35322 | Snake:3  | Killed a nagaraja
 35953 | Snake:3  | Reached skill level 13 in Ice Magic
 35973 | Snake:3  | Reached XP level 16. HP: 126/137 MP: 6/38
 36405 | Snake:3  | Noticed Saint Roka
 36661 | Snake:3  | Killed Saint Roka
 37261 | Snake:4  | Entered Level 4 of the Snake Pit
 37834 | Snake:4  | Reached skill level 14 in Ice Magic
 38933 | Snake:4  | Noticed a quicksilver dragon
 39140 | Snake:4  | Noticed a quicksilver dragon
 39143 | Snake:4  | Killed a quicksilver dragon
 39193 | Snake:4  | Killed a quicksilver dragon
 39292 | Snake:4  | Got a serpentine rune of Zot
 39727 | Lair:2   | Learned a level 6 spell: Simulacrum
 39728 | Shoals:1 | Entered Level 1 of the Shoals
 39793 | Shoals:1 | Found a frozen archway.
 39834 | IceCv    | Entered an ice cave
 40498 | IceCv    | Learned a level 5 spell: Irradiate
 40668 | IceCv    | Reached skill level 1 in Transmutations
 40680 | IceCv    | Reached skill level 15 in Ice Magic
 40836 | IceCv    | Identified the +6 ice dragon scales of the Unbearable God
                  | {rElec rF- rC++}
 40939 | Shoals:1 | Noticed a kraken
 40986 | Shoals:1 | Killed a kraken
 40987 | Shoals:1 | Reached XP level 17. HP: 113/144 MP: 29/40
 42055 | Shoals:2 | Found Lydamaur's Armour Shop.
 42061 | Shoals:2 | Bought the +4 pair of boots "Usosyghov" {Int+3} for 567
                  | gold pieces
 42061 | Shoals:2 | Bought the -2 hat of the Alchemist {rElec rPois rF+ rC+ rN+
                  | Will+ rMut rCorr} for 708 gold pieces
 42061 | Shoals:2 | Found the -2 hat of the Alchemist {rElec rPois rF+ rC+ rN+
                  | Will+ rMut rCorr}
 42251 | Shoals:2 | Found Foiwefr Gufu's Armour Shoppe.
 42305 | Shoals:2 | Bought the orb of Circular Logic {mayhem, *Slow +Blink rN++
                  | Regen+} for 358 gold pieces
 42536 | Shoals:2 | Noticed Polyphemus
 42540 | Shoals:2 | Killed Polyphemus
 42584 | Shoals:2 | Found Neig's Distillery.
 43142 | Shoals:3 | Found Mokloim Xips's Book Shoppe.
 43380 | Shoals:3 | Found a runed translucent door.
 43388 | Shoals:3 | Noticed growler's ghost (adept TeAE)
 43397 | Shoals:3 | Killed growler's ghost
 43654 | Shoals:3 | Reached skill level 16 in Ice Magic
 44146 | Shoals:4 | Entered Level 4 of the Shoals
 44422 | Shoals:4 | Paralysed by an air elemental for 1 turns
 44492 | Shoals:4 | Paralysed by an air elemental for 1 turns
 44660 | Shoals:4 | Paralysed by an air elemental for 1 turns
 44770 | Shoals:4 | Reached skill level 15 in Spellcasting
 44770 | Shoals:4 | Reached skill level 5 in Transmutations
 44869 | Shoals:4 | Identified the +9 spear "Gram" {venom, rPois}
 45039 | Shoals:4 | Identified the amulet "Zuum" {RegenMP rF+ Str+2}
 45193 | Shoals:4 | Identified the +3 shortbow of Equilibrium {heavy, *Slow
                  | rElec Int+3 Dex+5}
 45259 | Shoals:4 | Reached XP level 18. HP: 105/155 MP: 26/42
 45345 | Shoals:4 | Got the Papyrus of Fulmination
 45348 | Shoals:4 | Got a barnacled rune of Zot
 45350 | Shoals:4 | Identified the staff of earth "Garorghe" {Stlth+}
 45558 | Shoals:4 | Identified the +5 hand axe of Ovau {heavy, Fly rPois rF-
                  | Dex+3}
 45782 | Shoals:4 | Reached skill level 17 in Ice Magic
 46042 | D:7      | Bought a book of Ice for 700 gold pieces
 46182 | Elf:1    | Entered Level 1 of the Elven Halls
 46273 | Elf:1    | Paralysed by an air elemental for 1 turns
 46279 | Elf:1    | Paralysed by an air elemental for 1 turns
 47321 | Elf:1    | Learned a level 9 spell: Polar Vortex
 47653 | Elf:2    | Found a runed translucent door.
 47679 | Elf:2    | Found a runed translucent door.
 47826 | Elf:2    | Reached skill level 18 in Ice Magic
 48048 | Elf:2    | Found Cerghegg's Weapon Shoppe.
 48823 | Elf:3    | Entered Level 3 of the Elven Halls
 48894 | Elf:3    | Reached XP level 19. HP: 167/167 MP: 20/44
 49403 | Elf:3    | Reached skill level 10 in Dodging
 49730 | Elf:3    | Reached skill level 19 in Ice Magic
 49906 | Elf:3    | Identified the ring of Redyplop {rN+ rCorr Str+4 Dex-4
                  | Stlth+}
 49907 | Elf:3    | Noticed a Brimstone Fiend
 49909 | Elf:3    | Identified the ring of Ruriv {rC+ Int+4}
 49914 | Elf:3    | Reached skill level 15 in Fighting
 50136 | Elf:3    | Identified the staff of death "Wouc" {rN+ Int+2 SInv}
 50599 | Vaults:1 | Entered Level 1 of the Vaults
 51065 | Vaults:1 | Found Goxzohu's Weapon Boutique.
 52312 | Vaults:2 | Noticed Bai Suzhen
 52325 | Vaults:2 | Killed Bai Suzhen
 52567 | Vaults:2 | Noticed Sojobo
 52575 | Vaults:2 | Killed Sojobo
 52578 | Vaults:2 | HP: 7/170 [tengu reaver/+1 war axe of flaming[Sojobo] (24)]
 53058 | Vaults:2 | Reached XP level 20. HP: 178/178 MP: 14/46
 53499 | Vaults:2 | Learned a level 6 spell: Iron Shot
 53821 | Vaults:3 | Reached skill level 1 in Earth Magic
 53954 | Vaults:3 | Found a staircase to the Crypt.
 53954 | Vaults:3 | Noticed a bone dragon
 53967 | Vaults:3 | Killed a bone dragon
 54451 | Orc:2    | Bought a potion of heal wounds for 180 gold pieces
 55264 | Vaults:3 | Reached skill level 20 in Ice Magic
 55712 | Vaults:3 | Identified the +0 quarterstaff of Articulation {flame, rF+
                  | rC- Stlth+}
 56151 | Vaults:4 | Identified the +0 ring mail "Uciucuimuss" {Harm rPois Str-4
                  | SInv}
 56667 | Vaults:4 | Found Ogeheph's Magic Scroll Boutique.
 56675 | Vaults:4 | Bought a scroll of summoning for 142 gold pieces
 56870 | Vaults:4 | HP: 8/180 [vault warden/+2 great mace of protection (67)]
 56871 | Vaults:4 | Annihilated by a vault warden

Illustrated notes

Levels and vault maps discovered:
D:1:      kennysheep_arrival_forest, layout_basic, minmay_tiny_reverse_x
D:2:      layout_basic
D:3:      layout_basic, mainiacjoe_overflow_concentric_impassable, uniq_terence
D:4:      layout_basic, overflow_temple_1_default, gammafunk_ghost_arena,
          uniq_sigmund
D:5:      layout_basic, nicolae_wu_jian_wuxing_cycle
D:6:      minmay_bubble_buster, layout_gridville, mainiacjoe_overflow_24_doors,
          overflow_temple_1_default, okawaru_trees_2, uniq_duvessa
D:7:      layout_loops_corners, mainiacjoe_overflow_alcove_2,
          minmay_temple_entry_mist, serial_shops, nicolae_shop_hallway_stairs,
          gammafunk_ghost_abyssal_escape, minivault_10, minmay_joined_circles,
          uniq_maggie
D:8:      layout_loops_ring, serial_shops, kennysheep_mini_moat, shop,
          nicolae_shop_rolled_up
D:9:      hangedman_cross_stitches, layout_basic, david_lair_generic,
          orc_0_dummy, minmay_ruffians
D:10:     layout_irregular_city, minitemple, the_hattery
D:11:     layout_long_grid, nicolae_blasting_shop,
          chequers_serial_rivers_room_b, uniq_maurice, uniq_urug
D:12:     layout_layer_cave, water_maze_lemuel
D:13:     hangedman_cross_veins, layout_basic, david_vaults_2, zin_statuary
D:14:     layout_roguey, serial_curves, eino_curves_03, eino_curves_01,
          uniq_nessos
D:15:     grunt_enter_depths_magical_seal, layout_cave_pools,
          nicolae_trove_entry_path_of_doom, nicolae_wwwww,
          gauntlet_entry_generic, lemuel_freeze_loot_1
Lair:1:   lemuel_slime, layout_chaotic_city, uniq_nergalle
Lair:2:   layout_regular_city, minmay_shoals_entry_beasts, st_stairs_11,
          chequers_serial_rivers_room_a, chequers_serial_rivers_micro_a,
          beast_lair_carwin_4, serial_bayou_shore_b, infiniplex_staircase_pool_2
Lair:3:   layout_long_grid, minmay_snake_entry_six_corridors
Lair:4:   layout_long_grid, grunt_megastairs_4
Lair:5:   gammafunk_lair_ancient_temple, layout_loops_ring, slime_entry_1
Shoals:1: layout_shoals, portal_ice_cave_entry_frozen_things
Shoals:2: layout_shoals, serial_shops, nicolae_shop_tiny_real_fake_doors, shop,
          nicolae_shop_pleasant_corner_grove, nicolae_shoals_circle_sea_wall,
          uniq_polyphemus
Shoals:3: cheibrodos_shoals_satyrical_garden, layout_shoals,
          ebering_ghost_reflecting_pool, serial_shops, shop
Shoals:4: shoals_end_hellmonk_storm_palace [storm_palace_center_square,
          storm_palace_corner_pillars, storm_palace_corner_pillars,
          storm_palace_corner_grid, storm_palace_corner_pillars], serial_shops
Snake:1:  layout_gridlike, serial_shops, shop, minmay_shop_star
Snake:2:  layout_cave_shapes, ebering_ghost_rock_garden, serial_shops,
          nicolae_diamond_shop, nicolae_stop_n_shop_1, shop, minmay_shoptagon
Snake:3:  layout_misc_corridors, nicolae_snake_linked_coils,
          serial_bayou_shore_b, uniq_saint_roka
Snake:4:  hellmonk_snake_rune_quicksilver_temple, layout_cave_town
Orc:1:    layout_diamond_mine, serial_shops, nicolae_shop_getting_attention
Orc:2:    grunt_orc_gardens, layout_caves, grunt_orc_garden, grunt_orc_garden,
          grunt_orc_garden, grunt_orc_garden, serial_shops, nicolae_shop_stone
Elf:1:    nicolae_elf_arrival_fired_up, layout_loops_cross,
          kennysheep_underground_church, nicolae_elf_deep_friendship
Elf:2:    elven_hall_of_blades_hangedman_original
          [nicolae_blade_entry_splitting_headache], layout_loops_corners,
          nicolae_stop_n_shop_1, minmay_misc_feat_diagonals
Elf:3:    elf_hall, layout_rooms, drop_trap, nrook_mini_backslash
Vaults:1: grunt_vaults_trifunnel, v_rooms_4, nicolae_vaults_diamond_2,
          st_smaller_cells, nicolae_vaults_frosty_reception, v_alt_pattern_1,
          layout_vaults_quadrants, serial_shops, shop
Vaults:2: nicolae_vaults_closet_pinwheel_5, nicolae_vaults_octothorpe,
          hangedman_vaults_maws, nicolae_vaults_layer_cake_slice,
          vaults_room_semicircle, nicolae_vaults_double_plus_1,
          ontoclasm_vaults_misaligned, ontoclasm_vaults_eye, vaults_room_pool,
          nicolae_vaults_trapezoid_lopsided_3, hangedman_vaults_capsules,
          layout_vaults_chaotic_city, uniq_bai_suzhen, uniq_sojobo
Vaults:3: nicolae_vaults_turnstiles, nicolae_vaults_closet_pinwheel_3,
          nicolae_vaults_trapezoid_1, nicolae_vaults_closet_pinwheel_4,
          minmay_crypt_entry_nasty_monster, nicolae_vaults_meiosis,
          nicolae_vaults_house_1, vaults_mumra_chevron_long,
          vaults_dpeg_encased_lava, nicolae_vaults_six-pack,
          nicolae_vaults_alarming, nicolae_vaults_little_squares_4,
          nicolae_vaults_double_plus_1, nicolae_vaults_theta,
          layout_vaults_omnicross
Vaults:4: st_more_cells, ontoclasm_vaults_shuriken, vaults_room_pools,
          nicolae_vaults_cornered_office, v_rooms_2,
          nicolae_vaults_circle_grid_a, nicolae_vaults_storage_room_water,
          nicolae_vaults_double_plus_2, hangedman_vaults_nodes,
          nicolae_vaults_six-pack, layout_vaults_omnibox, serial_shops,
          nicolae_shop_stone

Skill      XL: |  1  2  3  4  5  6  7  8  9 10 11 12 13 14 15 16 17 18 19 20 |
---------------+-------------------------------------------------------------+-----
Spellcasting   | 2 3 4 5 6 7 8 9 10 12 14 15 16 | 16.0
Conjurations   | 1 2 3 4 5 7 8 9 |  9.0
Ice Magic      | 3 4 5 7 8 10 13 15 16 18 19 20 | 20.1
Air Magic      | 3 4 5 6 7 8 9 |  9.0
Fighting       | 2 3 5 6 7 8 9 11 12 14 15 16 | 16.0
Summonings     | 1 2 3 4 5 6 |  6.0
Stealth        | 1 2 4 |  4.0
Armour         | 1 2 3 4 5 6 7 |  7.0
Dodging        | 1 2 3 4 6 7 9 10 | 10.0
Shields        | 2 4 5 |  5.0
Necromancy     | 4 6 8 9 |  9.9
Transmutations | 1 5 6 7 |  7.7
Earth Magic    | 4 |  4.3

Action                     |  1- 3 |  4- 6 |  7- 9 | 10-12 | 13-15 | 16-18 | 19-21 || total
---------------------------+-------+-------+-------+-------+-------+-------+-------++-------
  Melee: Club              |     3 |       |       |       |       |       |       ||     3
         Short sword       |     1 |       |       |       |       |       |       ||     1
         Dagger            |       |     1 |       |       |       |       |       ||     1
         Whip              |       |     3 |    25 |     7 |       |       |       ||    35
         Morningstar       |       |       |       |    43 |    28 |     5 |     3 ||    79
         Staff             |       |       |       |       |     4 |     2 |     2 ||     8
  Throw: Throwing net      |       |       |       |       |     2 |       |       ||     2
   Cast: Freeze            |    60 |    28 |     3 |       |       |       |       ||    91
         Shock             |    48 |   109 |    19 |     1 |       |       |       ||   177
         Searing Ray       |       |     8 |    32 |     2 |       |       |       ||    42
         Hailstorm         |       |     1 |    19 |    21 |     8 |     2 |       ||    51
         Call Canine Famil |       |       |    27 |    38 |    35 |     5 |       ||   105
         Summon Lightning  |       |       |    10 |    54 |    57 |    11 |       ||   132
         Freezing Cloud    |       |       |       |    56 |    68 |    15 |       ||   139
         Arcjolt           |       |       |       |     9 |   107 |    34 |    18 ||   168
         Airstrike         |       |       |       |       |   278 |   198 |    24 ||   500
         Sublimation of Bl |       |       |       |       |    93 |   305 |    72 ||   470
         Ozocubu's Armour  |       |       |       |       |    20 |     7 |    21 ||    48
         Ozocubu's Refrige |       |       |       |       |    34 |   418 |   163 ||   615
         Simulacrum        |       |       |       |       |       |   130 |    46 ||   176
         Irradiate         |       |       |       |       |       |    27 |    19 ||    46
         Polar Vortex      |       |       |       |       |       |       |    49 ||    49
         Iron Shot         |       |       |       |       |       |       |    15 ||    15
  Evoke: Wand              |       |     1 |       |     2 |       |       |       ||     3
    Use: Scroll            |       |     7 |     3 |    11 |    17 |    14 |     3 ||    55
         Potion            |       |       |       |       |     5 |     3 |     5 ||    13
   Stab: Sleeping          |       |     1 |       |       |       |       |       ||     1
         Distracted        |       |       |       |     2 |     3 |       |       ||     5
 Armour: Robe              |    10 |     7 |    15 |     5 |    64 |    62 |    68 ||   231
         Leather armour    |     1 |     2 |       |       |       |       |       ||     3
         Swamp dragon scal |       |       |       |    12 |    25 |       |       ||    37
         Ring mail         |       |       |       |       |    10 |       |       ||    10
  Dodge: Dodged            |    25 |    16 |    65 |    80 |   132 |   127 |   102 ||   547
         Repelled          |       |     1 |       |     3 |     3 |       |       ||     7
  Block: Buckler           |     5 |     7 |    19 |    17 |    61 |    11 |       ||   120
